AoeStats
← damiansima

Arena

510437899Analyzed
4v4 RM · 18h ago on Oct 1, 2026· 48m 35s· 8 players
Game mode
Random Map
Map size
Large (8 player)
Population
200
Speed
Normal
Resources
Standard
Victory
Conquest
Starting age
Dark Age
Ending age
Imperial Age
RankedLock teamsTeams togetherTeam positionsShared explorationLock speedFull tech treeHidden civsTurbo modeCheats
Victory
Defeat
🇨🇱 Lithuanians · Chile
1236
+13
🇦🇷 Wu · Argentina
1221
+13
🇧🇷 Armenians · Brazil
1170
+15
🇦🇷 Malay · Argentina
1164
+16
🇺🇸 Hindustanis · United States
1246
-17
🇲🇽 Britons · Mexico
1149
-14
🇨🇱 Teutons · Chile
1116
-13
🇨🇱 Franks · Chile
1116
-13
HATamaTAH
6:48 Loom
8:58 Feudal Age
8:45 Loom
9:30 Man-at-Arms
10:33 Arson
11:13 Long Swordsman
11:54 Double-Bit Axe
17:09 Horse Collar
21:13 Gold Mining
25:28 Wheelbarrow
38:14 Castle Age
36:14 Stone Mining
38:17 Pikeman
39:09 Forging
39:24 Scale Mail Armor
39:04 Halberdier
40:24 Squires
41:03 Iron Casting
40:45 Bow Saw
40:39 Caravan
40:47 Gambesons
41:40 Chain Mail Armor
43:26 Hand Cart
damiansima
6:59 Loom
7:20 Loom
9:41 Feudal Age
10:32 Double-Bit Axe
10:50 Horse Collar
20:13 Castle Age
18:41 Gold Mining
20:34 Crossbowman
21:06 Fletching
21:33 Bow Saw
27:42 Imperial Age
25:38 Bodkin Arrow
26:08 Padded Archer Armor
26:32 Ballistics
27:42 Wheelbarrow
29:30 Chemistry
28:48 Bracer
31:27 Conscription
32:03 Elite Fire Archer
33:17 Red Cliffs Tactics
33:55 Masonry
38:42 Town Watch
46:20 Scale Mail Armor
46:31 Forging
46:36 Leather Archer Armor
Eros
13:47 Feudal Age
13:42 Horse Collar
17:41 Castle Age
21:38 Scale Barding Armor
26:13 Forging
26:48 Husbandry
27:29 Iron Casting
29:22 Devotion
29:15 Gold Mining
30:04 Wheelbarrow
32:43 Loom
35:35 Hand Cart
37:56 Imperial Age
37:36 Double-Bit Axe
37:52 Heavy Plow
38:59 Elite Battle Elephant
41:29 Blast Furnace
45:02 Pikeman
45:42 Squires
45:58 Stone Mining
46:24 Bow Saw
46:45 Crop Rotation
47:34 Stone Shaft Mining
47:34 Gold Shaft Mining
47:46 Treadmill Crane
48:45 Fletching
49:19 Ballistics
49:59 Chemistry
49:11 Masonry
c7
9:49 Feudal Age
11:14 Loom
13:49 Castle Age
12:34 Double-Bit Axe
15:12 Bow Saw
19:03 Town Watch
21:14 Horse Collar
21:58 Gold Mining
23:26 Heavy Plow
24:19 Scale Barding Armor
26:25 Wheelbarrow
26:38 Chain Barding Armor
27:41 Stone Mining
32:23 Imperial Age
30:09 Hand Cart
30:16 Bloodlines
30:21 Forging
31:28 Husbandry
32:40 Cavalier
34:53 Plate Barding Armor
34:54 Iron Casting
35:48 Stone Shaft Mining
35:10 Cavalier
39:29 Two-Man Saw
38:38 Paladin
40:01 Masonry
40:14 Ballistics
43:36 Conscription
43:38 Light Cavalry
47:09 Chemistry
46:40 Architecture
sj
9:45 Feudal Age
11:30 Double-Bit Axe
14:21 Castle Age
12:11 Horse Collar
20:00 Bow Saw
22:59 Scale Barding Armor
23:18 Heavy Plow
25:15 Chain Barding Armor
25:05 Forging
26:11 Bloodlines
26:01 Husbandry
26:00 Gold Mining
28:07 Loom
31:18 Imperial Age
31:14 Iron Casting
35:55 Heavy Camel Rider
36:57 Fortified Wall
39:07 Gold Shaft Mining
39:35 Two-Man Saw
38:51 Town Watch
39:27 Imperial Camel Rider
42:18 Blast Furnace
41:55 Plate Barding Armor
44:56 Blast Furnace
45:41 Chemistry
45:02 Ballistics
44:53 Masonry
44:39 Murder Holes
45:38 Conscription
46:10 Fletching
48:11 Padded Archer Armor
Hari_Seldon
11:15 Feudal Age
15:01 Fletching
16:44 Padded Archer Armor
17:19 Double-Bit Axe
19:35 Wheelbarrow
24:56 Castle Age
25:49 Scale Mail Armor
25:57 Horse Collar
30:28 Castle Age
31:39 Bow Saw
37:39 Town Watch
40:16 Loom
46:15 Horse Collar
47:30 Fervor
48:11 Hand Cart
[TP] TheZizar
10:27 Feudal Age
9:30 Loom
11:58 Double-Bit Axe
14:48 Castle Age
16:08 Bow Saw
21:03 Wheelbarrow
27:33 Hand Cart
31:06 Imperial Age
29:10 Husbandry
30:01 Gold Mining
30:07 Stone Mining
30:31 Scale Barding Armor
30:37 Forging
31:48 Gold Shaft Mining
31:28 Cavalier
34:02 Iron Casting
33:35 Paladin
37:19 Chain Barding Armor
38:00 Blast Furnace
44:22 Plate Barding Armor
[TP] Maxigaarp
11:23 Feudal Age
12:29 Double-Bit Axe
13:05 Double-Bit Axe
15:44 Castle Age
13:31 Horse Collar
23:09 Pikeman
23:50 Squires
26:15 Squires
27:39 Wheelbarrow
28:23 Heavy Plow
28:13 Loom
28:48 Bloodlines
32:44 Imperial Age
31:48 Ironclad
33:07 Forging
32:58 Scale Mail Armor
33:49 Hand Cart
34:05 Crenellations
34:17 Halberdier
36:57 Conscription
39:39 Chain Mail Armor
40:00 Iron Casting
Connection lost

Rejoining the realm…

Still unreachable

The connection could not be restored.

Session expired

The server has moved on; the page needs a fresh start.